 Dungeon Crawl Stone Soup version 0.28.0-47-ge53b351184 (webtiles) character file.

Game seed: 9699119460048164301

727 seaoflcl the Slasher (level 7, -8/56 HPs)
             Began as a Demigod Fighter on May 6, 2022.
             Mangled by an ogre
             ... wielding a +0 giant club
              (22 damage)
             ... on level 4 of the Dungeon.
             The game lasted 00:08:05 (6038 turns).

seaoflcl the Slasher (Demigod Fighter)              Turns: 6038, Time: 00:08:05

Health: -8/56      AC: 10    Str: 21    XL:     7   Next: 20%
Magic:  9/9        EV:  7    Int: 10    God:
Gold:   236        SH:  5    Dex: 17    Spells: 6/6 levels left

rFire   . . .      SeeInvis .   a - +0 long sword
rCold   . . .      Faith    .   c - +0 buckler
rNeg    . . .      Spirit   .   t - +0 chain mail
rPois   .          Reflect  .   l - +0 helmet
rElec   .          Harm     .   (no cloak)
rCorr   .          Rampage  .   (no gloves)
Will    .....                   (no boots)
Stlth   ..........              m - amulet of regeneration
HPRegen 0.98/turn               (no ring)
MPRegen 0.11/turn               (no ring)

@: no status effects
A: high MP 1, forlorn, divine attributes
a: no special abilities


You were on level 4 of the Dungeon.
You visited 1 branch of the dungeon, and saw 4 of its levels.
You also visited: Ossuary.

You collected 236 gold pieces.

Inventory:

Hand Weapons
 a - a +0 long sword (weapon)
 k - a +2 dagger of draining
 n - a +0 short sword of venom
 o - a +1 mace of holy wrath
 y - a +2 flail of protection
Armour
 c - a +0 buckler (worn)
 l - a +0 helmet (worn)
 t - a +0 chain mail (worn)
Jewellery
 m - an amulet of regeneration (around neck)
Scrolls
 e - 2 scrolls of fear
 f - 2 scrolls of magic mapping
 g - a scroll of enchant weapon {unknown}
 h - 2 scrolls of teleportation
 i - a scroll of noise {unknown}
 p - 2 scrolls of silence
 r - 2 scrolls of immolation
 u - a scroll of vulnerability {unknown}
 z - a scroll of acquirement {unknown}
Potions
 b - 2 potions of lignification
 d - a potion of might
 q - a potion of heal wounds {unknown}
 s - 2 potions of curing {unknown}
 v - a potion of ambrosia {unknown}
 w - a potion of resistance {unknown}
 x - a potion of brilliance {unknown}


   Skills:
 - Level 2.6 Fighting
 * Level 7.8 Long Blades
 - Level 2.6 Armour
 - Level 2.6 Shields


You had 6 spell levels left.
You didn't know any spells.
Your spell library contained the following spells:

 Spells                   Type           Power      Damage    Failure   Level
 Pain                     Necr           0%         1d4       99%         1
 Agony                    Necr           0%         N/A       100%        5
 Excruciating Wounds      Necr           0%         N/A       100%        5


Dungeon Overview and Level Annotations

Branches:
Dungeon (4/15)            Ossuary (visited)
 Temple: D:4-7


Innate Abilities, Weirdness & Mutations

You have an increased reservoir of magic. (+10% MP)
You shall have no god before yourself.
Your divine heritage dramatically boosts your attributes as you level up.


Message History

The ogre hits you with a +0 giant club!!
You barely miss the ogre.
The ogre is moderately wounded.
The endoplasm barely misses you.
The ogre hits you with a +0 giant club!!
You are too injured to fight recklessly!
You are too injured to fight recklessly!
You are too injured to fight recklessly!
You are too injured to fight recklessly!
You are too injured to fight recklessly!
You are too injured to fight recklessly!
You are too injured to fight recklessly!
You are too injured to fight recklessly!
You are too injured to fight recklessly!
You are too injured to fight recklessly!
You are too injured to fight recklessly!
You are too injured to fight recklessly!
You are too injured to fight recklessly!
You are too injured to fight recklessly!
You hit the endoplasm.
The endoplasm is lightly wounded.
The endoplasm hits you but does no damage.
You barely miss the endoplasm.
The endoplasm is lightly wounded.
The endoplasm freezes you.
You are frozen.
You block the ogre's attack.
You barely miss the endoplasm.
The endoplasm is lightly wounded.
The endoplasm barely misses you. You block the ogre's attack.
You hit the endoplasm but do no damage.
The endoplasm is lightly wounded.
The endoplasm hits you but does no damage.
You slash the endoplasm!
You kill the endoplasm!
The ogre hits you with a +0 giant club!
* * * LOW HITPOINT WARNING * * *
You hit the ogre.
The ogre is heavily wounded.
The ogre hits you with a +0 giant club!!
You die...

#....##..## #.....#
#....####.# #.....#
#.........# ###.....#
.........## #..######
..........# #......#
###..##..## #......#
##..##..## #......#
#....#...# #..O...#
#....#...# #.@....#
###..###########.##..#
.##..#.........#.#####
.#...#.......#....#
.'...#.......#....#
.#####.......#....#
.†...........#....#
#............#....#
#............##..##


You could see an ogre.

Vanquished Creatures
  A necrophage (D:4)
  A phantom (D:4)
  A centaur (D:4)
  3 water moccasin zombies (Ossuary)
  A crimson imp (D:3)
  An orc priest (D:4)
  An orc wizard (D:3)
  2 mummies (Ossuary)
  Robin (D:2)
  3 gnolls (D:4)
  An adder (D:2)
  An ufetubus (D:4)
  An adder skeleton (D:4)
  5 adder zombies
  3 dart slugs
  15 orcs
  7 endoplasms
  A giant cockroach (D:1)
  3 gnoll zombies (Ossuary)
  13 goblins
  12 hobgoblins
  3 kobolds
  8 quokkas
  8 ball pythons
  A bat (D:1)
  2 frilled lizards
  2 goblin zombies (D:3)
  6 hobgoblin zombies
  2 kobold skeletons (D:3)
  10 kobold zombies
  3 orc zombies
  3 rats
125 creatures vanquished.

Notes
Turn   | Place    | Note
-------+----------+-------------------------------------------
     0 | D:1      | seaoflcl the Demigod Fighter began the quest for the Orb.
     0 | D:1      | Reached XP level 1. HP: 18/18 MP: 3/3
    39 | D:1      | Reached skill level 2 in Long Blades
   602 | D:1      | Reached XP level 2. HP: 24/25 MP: 4/4
  1300 | D:1      | Reached skill level 3 in Long Blades
  1406 | D:2      | Noticed Robin
  2006 | D:1      | Reached XP level 3. HP: 9/22 MP: 5/5
  2386 | D:2      | Killed Robin
  2775 | D:2      | Reached skill level 4 in Long Blades
  3612 | D:3      | Reached XP level 4. HP: 35/35 MP: 6/6
  4198 | D:3      | Reached skill level 5 in Long Blades
  4343 | D:3      | Reached XP level 5. HP: 41/42 MP: 7/7
  4832 | D:4      | Noticed a centaur
  4838 | D:4      | Killed a centaur
  4852 | D:4      | Reached skill level 6 in Long Blades
  4852 | D:4      | Reached XP level 6. HP: 40/50 MP: 8/8
  4952 | D:4      | Found a sand-covered staircase.
  4957 | Ossuary  | Entered an ossuary
  5213 | Ossuary  | Reached skill level 7 in Long Blades
  5520 | D:4      | Reached XP level 7. HP: 49/56 MP: 9/9
  6038 | D:4      | Mangled by an ogre

Illustrated notes

Levels and vault maps discovered:
D:1:      eino_arrival_druids_welcome, layout_basic
D:2:      layout_basic, serial_undead, serial_undead_b, serial_undead_e,
          serial_undead_d, serial_undead_d, chequers_serial_rivers_room_a,
          minmay_crystal_water, feat_on_display, uniq_robin
D:3:      layout_loops_corners, nicolae_ru_great_annihilating_truth,
          mainiacjoe_overflow_surrounded_room, nicolae_tso_besieged_by_evil,
          serial_rivers, chequers_serial_rivers_micro_c,
          chequers_serial_rivers_large_b, chequers_serial_rivers_room_b,
          chequers_serial_rivers_micro_b
D:4:      layout_gridville, nicolae_ossuary_entry_plus

Skill      XL: |  1  2  3  4  5  6 |
---------------+-------------------+-----
Long Blades    | 2 3 4 5 6 7 |  7.8
Fighting       | |  2.6
Armour         | |  2.6
Shields        | |  2.6

Action                   |  1- 3 |  4- 6 |  7- 9 || total
-------------------------+-------+-------+-------++-------
Melee: Long sword        |   169 |   278 |    53 ||   500
  Use: Scroll            |       |     3 |     3 ||     6
Armor: Scale mail        |    89 |       |       ||    89
       Chain mail        |    10 |   126 |    20 ||   156
Dodge: Dodged            |    78 |    64 |    20 ||   162
Block: Buckler           |    48 |    55 |    12 ||   115
